 Dungeon Crawl Stone Soup version 0.29.0-4-gdea44cf6ec (webtiles) character file.

Game seed: 10126578508602825666

177 qw the Chopper (level 5, -1/48 HPs)
             Began as a Gargoyle Berserker on Sept 6, 2022.
             Was a Believer of Trog.
             Blown up by Ijyb (20 damage)
             ... with a mindburst bolt
             ... on level 3 of the Dungeon.
             The game lasted 00:01:00 (3163 turns).

qw the Chopper (Gargoyle Berserker)                 Turns: 3163, Time: 00:01:01

Health: -1/48      AC: 15    Str: 28    XL:     5   Next: 57%
Magic:  5/5        EV:  7    Int:  8    God:    Trog [**....]
Gold:   144        SH:  8    Dex:  9    Spells: 4/4 levels left

rFire   . . .      SeeInvis .   Y - +1 hand axe
rCold   . . .      Faith    .   m - +0 kite shield
rNeg    + . .      Spirit   .   c - +3 chain mail
rPois   inf        Reflect  .   (no helmet)
rElec   +          Harm     .   (no cloak)
rCorr   .          Rampage  .   (no gloves)
Will    .....                   (no boots)
Stlth   ..........              (no amulet)
HPRegen 0.16/turn               h - +6 ring of strength
MPRegen 0.09/turn               (no ring)

@: berserking, very quick
A: sickness immunity, AC +4, negative energy resistance 1, electricity
resistance, torment resistance 1, petrification resistance
a: Renounce Religion, Berserk, Trog's Hand


You were on level 3 of the Dungeon.
You worshipped Trog.
Trog was pleased with you.
You visited 1 branch of the dungeon, and saw 3 of its levels.

You collected 144 gold pieces.


Innate Abilities, Weirdness & Mutations

You are immune to sickness and miasma.
Your stone body is resilient. (AC +4)
You are immune to poison.
You resist negative energy. (rN+)
You are resistant to electric shocks. (rElec)
You are resistant to unholy torment.
You are immune to petrification.


   Skills:
 - Level 3.2 Fighting
 - Level 4.3 Axes
 - Level 2.1 Armour
 - Level 1.5 Dodging
 + Level 3.8 Shields


You had 4 spell levels left.
You didn't know any spells.
Your spell library was empty.

Inventory:

Hand Weapons
 i - a +0 club
 Y - a +1 hand axe (weapon)
Armour
 c - a +3 chain mail (worn)
 m - a +0 kite shield (worn)
Jewellery
 h - a +6 ring of strength (left hand)
Scrolls
 b - 3 scrolls of poison {unknown}
Potions
 a - 2 potions of might {unknown}
 d - a potion of ambrosia {unknown}
 e - a potion of curing {unknown}
 f - a potion of heal wounds {unknown}
 g - a potion of brilliance {unknown}
 j - a potion of invisibility {unknown}

Dungeon Overview and Level Annotations

Branches:
Dungeon (3/15)

Altars:
Ashenzari

Annotations:
D:3 3 runed translucent doors, Ijyb


Message History

You hit the adder.
The adder is moderately wounded.
The adder barely misses you.
You slash the adder!
The adder is almost dead.
The adder bites you but does no damage. You block the adder's attack.
You miss the adder.
The adder is almost dead.
You block the adder's attack. The adder bites you but does no damage.
You hit the adder.
You kill the adder!
Trog accepts your kill.
You see here an adder corpse.
Ijyb the Twisted Goblin comes into view.
She is wielding a +0 club and carrying a wand of mindburst (18).
Ijyb shouts!
Ijyb zaps a wand.
Your mind is blasted!
3145 ||| FLEEEEING.
3146 ||| FLEEEEING.
3147 ||| FLEEEEING.
You see here an adder corpse.
3148 ||| FLEEEEING.
3149 ||| FLEEEEING.
3150 ||| FLEEEEING.
3151 ||| FLEEEEING.
3152 ||| FLEEEEING.
3154 ||| FLEEEEING.
3155 ||| FLEEEEING.
3156 ||| FLEEEEING.
3157 ||| FLEEEEING.
3158 ||| FLEEEEING.
Ijyb zaps a wand.
Your mind is blasted!
3161 ||| INVOKING Berserk.
A red film seems to cover your vision as you go berserk!
You feel yourself moving faster!
You feel mighty!
Ijyb zaps a wand.
Your mind is blasted!
You feel a strong urge to attack something.
Ijyb barely misses you.
You closely miss Ijyb.
Ijyb zaps a wand.
Your mind is blasted!
You die...

####.# ##. .# ### #....#
#.. ## #.. #.##.# #.# #.#
#.##.# #.# #.# #<##.# #.#
#.# #.##.# #.# #.# #.##.#
#.##### #.# ##.##.#
##.....####.# .).%..#
#..###..@g..#############
##.##.###.##
#####...##.%g.......
##.##.....# .?..
###....#########
#..##.##.##...... ##...#
..##.....#...###Z. ##..#
.%....##.#... #.. #..#
.........##.. ....#..#
..###.##..#. ...+..# ..#
#.#...#. ...+..#


You could see Ijyb.

Vanquished Creatures
  2 orc priests (D:3)
  3 gnolls (D:3)
  3 adders
  3 worms
  2 dart slugs (D:2)
  2 orcs (D:3)
  4 ball pythons
  4 endoplasms
  3 goblins
  5 hobgoblins
  2 kobolds (D:1)
  6 quokkas
  4 bats
  3 frilled lizards
  7 rats
53 creatures vanquished.

Notes
Turn   | Place    | Note
-------+----------+-------------------------------------------
     0 | D:1      | qw the Gargoyle Berserker began the quest for the Orb.
     0 | D:1      | Reached XP level 1. HP: 14/14 MP: 1/1
     0 | D:1      | 0 ||| qw: Version: 0.1-a-108-g9e35731
     0 | D:1      | 0 ||| qw: Game counter: 6277
     0 | D:1      | 0 ||| qw: Always use a shield: true
     0 | D:1      | 0 ||| qw: Do Orc after D:15 true
     0 | D:1      | 0 ||| qw: Do second Lair branch before Depths: true
     0 | D:1      | 0 ||| qw: Lair rune preference: random
     0 | D:1      | 0 ||| qw: Plans: Normal
     0 | D:1      | 0 ||| PLANNING D:1-11
   154 | D:1      | 154 ||| INVOKING Berserk.
   156 | D:1      | Reached skill level 3 in Axes
   386 | D:1      | 386 ||| INVOKING Berserk.
   388 | D:1      | Reached XP level 2. HP: 8/19 MP: 2/2
   390 | D:1      | HP: 7/28 [hobgoblin (1)]
   391 | D:1      | HP: 3/28 [hobgoblin (4)]
   977 | D:1      | Found a faded altar of an unknown god.
  1361 | D:1      | 1361 ||| UPGRADING to +0 leather armour.
  1371 | D:1      | 1371 ||| DROPPING +0 animal skin.
  1372 | D:1      | 1372 ||| UPGRADING to +6 ring of strength.
  1373 | D:1      | 1373 ||| READING scroll labelled YLYGIN HO BUMM.
  1377 | D:1      | 1377 ||| READING scroll labelled MUETZA MAORU.
  1378 | D:1      | 1378 ||| DRINKING 2 bubbling silvery potions.
  1483 | D:1      | 1483 ||| DROPPING potion of berserk rage.
  1525 | D:2      | 1525 ||| INVOKING Berserk.
  1530 | D:2      | Reached XP level 3. HP: 22/23 MP: 3/3
  1530 | D:2      | 1530 ||| STAIRDANCE
  1642 | D:2      | Found a broken altar of Ashenzari.
  1721 | D:2      | 1721 ||| Stepping ~*~*~tactically~*~*~ (hiding).
  1728 | D:2      | 1728 ||| Stepping ~*~*~tactically~*~*~ (stealth).
  1729 | D:2      | 1729 ||| Stepping ~*~*~tactically~*~*~ (stealth).
  1734 | D:2      | Reached skill level 4 in Axes
  1756 | D:2      | Reached ** piety under Trog
  1800 | D:2      | 1800 ||| Stepping ~*~*~tactically~*~*~ (hiding).
  1803 | D:2      | 1803 ||| Stepping ~*~*~tactically~*~*~ (hiding).
  1805 | D:2      | 1805 ||| Stepping ~*~*~tactically~*~*~ (hiding).
  2133 | D:2      | 2133 ||| INVOKING Berserk.
  2140 | D:2      | Reached XP level 4. HP: 28/28 MP: 4/4
  2424 | D:2      | 2424 ||| UPGRADING to +0 leather armour of fire resistance.
  2434 | D:2      | 2434 ||| UPGRADING to +0 scale mail.
  2444 | D:2      | 2444 ||| DROPPING +0 leather armour of fire resistance.
  2445 | D:2      | 2445 ||| UPGRADING to +3 chain mail.
  2455 | D:2      | 2455 ||| DROPPING +0 scale mail.
  2456 | D:2      | 2456 ||| DROPPING +0 leather armour.
  2457 | D:2      | 2457 ||| UPGRADING to +0 kite shield.
  2462 | D:2      | 2462 ||| READING scroll labelled ZOIPECS KEFEA.
  2463 | D:2      | 2463 ||| READING scroll labelled WUWKUP IMETTIT.
  2464 | D:2      | 2464 ||| READING 2 scrolls labelled QISUAG HEVO.
  2465 | D:2      | 2465 ||| READING scroll labelled LEOTAHE KIYTSE.
  2466 | D:2      | 2466 ||| READING scroll labelled DAGUDEWIME.
  2467 | D:2      | 2467 ||| READING scroll labelled XALOWN NAOSMUELIA.
  2468 | D:2      | 2468 ||| DROPPING scroll of magic mapping.
  2515 | D:3      | 2515 ||| INVOKING Berserk.
  2683 | D:3      | 2683 ||| Stepping ~*~*~tactically~*~*~ (hiding).
  2685 | D:3      | 2685 ||| INVOKING Berserk.
  2688 | D:3      | Reached skill level 1 in Shields
  2700 | D:3      | HP: 7/28 [orc priest/+0 trident (1)]
  2705 | D:3      | Reached XP level 5. HP: 6/32 MP: 5/5
  2743 | D:3      | 2743 ||| FLEEEEING.
  2786 | D:3      | 2786 ||| FLEEEEING.
  2787 | D:3      | 2787 ||| FLEEEEING.
  2791 | D:3      | 2791 ||| STAIRDANCE
  2971 | D:3      | Reached skill level 3 in Shields
  2992 | D:3      | 2992 ||| Stepping ~*~*~tactically~*~*~ (stealth).
  3003 | D:3      | 3003 ||| Stepping ~*~*~tactically~*~*~ (hiding).
  3006 | D:3      | 3006 ||| INVOKING Berserk.
  3130 | D:3      | Found a runed translucent gate.
  3130 | D:3      | Found a runed translucent gate.
  3130 | D:3      | Found a runed translucent gate.
  3143 | D:3      | Noticed Ijyb
  3145 | D:3      | 3145 ||| FLEEEEING.
  3146 | D:3      | 3146 ||| FLEEEEING.
  3147 | D:3      | 3147 ||| FLEEEEING.
  3148 | D:3      | 3148 ||| FLEEEEING.
  3149 | D:3      | 3149 ||| FLEEEEING.
  3150 | D:3      | 3150 ||| FLEEEEING.
  3151 | D:3      | 3151 ||| FLEEEEING.
  3152 | D:3      | 3152 ||| FLEEEEING.
  3154 | D:3      | 3154 ||| FLEEEEING.
  3155 | D:3      | 3155 ||| FLEEEEING.
  3156 | D:3      | 3156 ||| FLEEEEING.
  3157 | D:3      | 3157 ||| FLEEEEING.
  3158 | D:3      | 3158 ||| FLEEEEING.
  3161 | D:3      | 3161 ||| INVOKING Berserk.
  3163 | D:3      | Blown up by Ijyb

Levels and vault maps discovered:
D:1:      dpeg_arrival_boxes_within_box, layout_rooms,
          hellmonk_ecumenical_altar_slurped_away
D:2:      layout_basic, basic_altar, minmay_small_reverse_x
D:3:      layout_loops_ring, gammafunk_ghost_icy, uniq_jessica, uniq_grinder,
          uniq_ijyb

Skill      XL: |  1  2  3  4  5 |
---------------+----------------+-----
Axes           | 3 4 |  4.3
Shields        | 2 3 |  3.8
Fighting       | |  3.2
Armour         | |  2.1
Dodging        | |  1.5

Action                   |  1- 3 |  4- 6 || total
-------------------------+-------+-------++-------
Melee: Hand axe          |   112 |    49 ||   161
       Punch             |     1 |     1 ||     2
Invok: Berserk           |     4 |     4 ||     8
  Use: Scroll            |     2 |     6 ||     8
       Potion            |     1 |       ||     1
Armor: Animal skin       |    20 |       ||    20
       Leather armour    |    11 |     2 ||    13
       Chain mail        |       |    26 ||    26
Dodge: Dodged            |    53 |    15 ||    68
Block: Kite shield       |       |    12 ||    12

Table legend:
 A = Non-vault XP
 B = Vault XP
 C = Vault XP percentage of total XP
 D = Non-vault monster count
 E = Vault monster count
 F = Vault count percentage of total count
                 A         B        C        D         E       F
            +---------+---------+-------+---------+---------+-------
      Total |     242 |      11 |   4.3 |      48 |       5 |   9.4
            +---------+---------+-------+---------+---------+-------
        D:1 |      27 |       2 |   6.9 |      16 |       1 |   5.9
        D:2 |      47 |       9 |  16.1 |      18 |       4 |  18.2
        D:3 |     168 |       0 |   0.0 |      14 |       0 |   0.0
            +---------+---------+-------+---------+---------+-------
